Unix NetHack Version 5.0.0-0 post-release - last build May 10 2026 23:12:36 (d1fa5d53e341ca933230fdaa984d921c805b60aa,branch:main).

Game began 2026-05-10 02:39:10, ended 2026-05-13 00:26:50.

Kwijibo4686, neutral female human Valkyrie

                                                               ---
                                                         -------.---
                                                         .hg--.....--
                                                          |.@.......--
                                                          ------...*...
                                                               ---......
                                                                 --...-
                                                                  --..|
                                                                   ----
Kwijibo4686 the Fighter     St:18/01 Dx:12 Co:17 In:10 Wi:8 Ch:9  Neutral
Dlvl:10 $:653 HP:0(60) Pw:20(20) AC:3  Xp:8 T:6739 

Latest messages:
 You dig a hole through the floor.
 You fall through...
 What do you want to use or apply? [crtyCITW or ?*] I
 In what direction do you want to dig? [31>] >
 You start digging downward.
 The dwarf throws a dagger!
 A dagger misses you.
 You stop digging.
 What do you want to use or apply? [crtyCITW or ?*] I
 In what direction do you want to dig? [31>] >
 You continue digging downward.
 You dig a pit in the floor.
 You begin bashing monsters with your pick-axe.
 You miss the dwarf.
 You hit the dwarf!
 The dwarf misses!
 You hit the dwarf.
 You hit the dwarf.
 The dwarf hits!
 You kill the dwarf!
 What do you want to use or apply? [crtyCITW or ?*] I
 In what direction do you want to dig? [31>] >
 You start digging downward.
 You dig a hole through the floor.
 You fall through...
 You hit the dwarf.
 The dwarf wields a dwarvish short sword!
 The dwarvish short sword welds itself to the dwarf's hand!
 You miss the dwarf.
 The dwarf thrusts her dwarvish short sword.
 The dwarf hits!
 You hit the dwarf.
 The dwarf reads a scroll of create monster!
 A gremlin suddenly appears next to you!
 The gremlin hits!
 The gremlin hits again!
 The gremlin bites!
 The gremlin hits!
 You miss the gremlin.
 You miss the gremlin.
 The gremlin hits!
 The gremlin hits again!
 The gremlin bites!
 The gremlin hits!
 What do you want to wield? [- aceIW or ?*] a
 a - a +1 spear (weapon in right hand).
 The gremlin hits!
 The gremlin hits again!
 You die...
 Do you want your possessions identified? [ynq] (y) q

Inventory:
 Coins    ('$')
  $ - 653 gold pieces
 Amulets  ('"')
  Q - a cursed amulet of change
 Weapons  (')')
  e - a +0 dagger
  a - a +1 spear (weapon in right hand)
 Armor    ('[')
  v - an uncursed +0 orcish helm (being worn)
  E - a cursed -2 pair of leather gloves
  q - a blessed +0 pair of kicking boots (being worn)
  L - a blessed rotted +0 mummy wrapping (being worn)
  B - an uncursed +0 elven mithril-coat (being worn)
 Comestibles  ('%')
  d - 5 uncursed food rations
  P - an uncursed fortune cookie
  o - an uncursed lembas wafer
  R - an uncursed pancake
  N - an uncursed tripe ration
  M - an uncursed homemade tin of vampire bat meat
  b - an uncursed tin of stir fried white unicorn meat
  K - an uncursed lichen corpse
  O - an uncursed lizard corpse
 Scrolls  ('?')
  H - 2 uncursed scrolls of enchant weapon
  S - an uncursed scroll of identify
 Spellbooks  ('+')
  T - a cursed spellbook of create monster
 Potions  ('!')
  J - an uncursed potion of healing
  G - a blessed potion of restore ability
 Tools    ('(')
  r - an uncursed magic lamp (lit)
  I - a +0 pick-axe
  t - an uncursed skeleton key
  y - an uncursed towel
  c - a +0 unicorn horn
  W - a +0 unicorn horn
 Gems/Stones  ('*')
  C - an uncursed flint stone

Kwijibo4686 the Valkyrie's attributes:

Background:
 You were a Fighter, a level 8 human Valkyrie.
 You were neutral, on a mission for Odin
 who was opposed by Tyr (lawful) and Loki (chaotic).
 You were right-handed.
 You were in the Gnomish Mines, on level 10.
 You entered the dungeon 6739 turns ago.
 It was the midnight hour.
 You had 2456 experience points, 104 more were needed to attain level 9.

Basics:
 You had 0 out of 60 hit points.
 You had all 20 energy points (spell power).
 Your armor class was 3.
 Your wallet contained 653 zorkmids.
 Autopickup was on for '$?!/="' plus thrown.

Final Characteristics:
 Your strength was 18/01 (limit:18/100).
 Your dexterity was 12 (peak:13, limit:18).
 Your constitution was 17 (limit:18).
 Your intelligence was 10 (peak:11, limit:18).
 Your wisdom was 8 (limit:18).
 Your charisma was 9 (limit:18).

Final Status:
 You weren't hungry.
 You were unencumbered.
 You were wielding a spear.
 You had expert skill with spear.

Final Attributes:
 You were piously aligned.
 You were cold resistant.
 You were poison resistant.
 You were stealthy.
 You were guarded.
 You were fast.
 You are dead.

Miscellaneous:
 You didn't encounter any bones levels.
 Total elapsed playing time was 1 hour, 3 minutes and 3 seconds.

Major events:
 Turn
    1: Kwijibo4686 the neutral human Valkyrie entered the dungeon
  811: entered the Gnomish Mines
  893: attained the rank of Skirmisher (level 3)
 1818: reached Mine Town
 2115: attained the rank of Fighter (level 6)
 6739: killed by a gremlin

You didn't know any spells.

Skills:
 Fighting Skills
   bare handed combat [Unskilled]
   two weapon combat  [Unskilled]
   riding             [Unskilled]
 Weapon Skills
   dagger             [Basic]
   axe                [Unskilled]
   pick-axe           [Unskilled]
   short sword        [Unskilled]
   broadsword         [Unskilled]
   long sword         [Unskilled]
   two-handed sword   [Unskilled]
   saber              [Unskilled]
   hammer             [Unskilled]
   quarterstaff       [Unskilled]
   polearms           [Unskilled]
   spear              [Expert]
   trident            [Unskilled]
   lance              [Unskilled]
   sling              [Unskilled]
 Spellcasting Skills
   attack spells      [Unskilled]
   escape spells      [Unskilled]

Voluntary challenges:
 Character rerolling was not enabled.
 You never genocided any monsters.
 You never polymorphed an object.
 You never changed form.
 You used no wishes.
Achievements:
 You entered the Gnomish Mines.
 You attained the rank of Skirmisher.
 You entered a shop.
 You entered Minetown.
 You entered a temple.
 You attained the rank of Fighter.

 The Dungeons of Doom: levels 1 to 8
    Level 1:
    Level 2:
    Level 3:
       A grave.
    Level 4:
       A general store.
       Stairs down to The Gnomish Mines.
    Level 5:
       A general store.
    Level 6:
       A sink.
    Level 7: "chest"
       Some fountains, a grave.
    Level 8:
 The Gnomish Mines: levels 5 to 10
    Level 5: "rich lepreuchon"
    Level 6:
    Level 7:
       Many shops, a temple and an altar, some fountains.
    Level 8: "black dragon on level 9"
    Level 9:
    Level 10: <- You were here.
       Final resting place for
          you, killed by a gremlin.


Vanquished creatures:
  a mind flayer
  a couatl
  a small mimic
  a giant beetle
  a winter wolf cub
  2 leprechauns
 an iron piercer
  a giant spider
  a scorpion
  2 brown puddings
  a lizard
  a dwarf leader
  a white unicorn
  a black unicorn
  a dust vortex
  a raven
  a snake
  2 apes
  2 Woodland-elves
  a fire ant
  a bugbear
 an orc shaman
  a rock piercer
  a yellow light
  a violet fungus
  6 gnome leaders
  2 gnomish wizards
  4 kobold mummies
  3 elf zombies
  3 straw golems
  2 paper golems
  2 giant ants
  2 floating eyes
 10 dwarves
  2 homunculi
 24 hill orcs
 13 rothes
  a rabid rat
  a giant bat
  2 monkeys
 an orc zombie
  2 dwarf zombies
  2 wererats
  5 iguanas
 an acid blob
  3 hobbits
  a large kobold
  a hobgoblin
  3 giant rats
  2 cave spiders
  a yellow mold
  a green mold
  a red mold
 32 gnomes
  a gnome zombie
  2 geckos
  2 jackals
  2 foxes
  5 sewer rats
 11 grid bugs
  2 lichens
  2 kobold zombies
  3 newts
192 creatures vanquished.

No species were genocided or became extinct.

Game over:
                       ----------
                      /          \
                     /    REST    \
                    /      IN      \
                   /     PEACE      \
                  /                  \
                  |   Kwijibo4686    |
                  |      653 Au      |
                  |   killed by a    |
                  |     gremlin      |
                  |                  |
                  |                  |
                  |       2026       |
                 *|     *  *  *      | *
        _________)/\\_//(\/(/\)/\//\/|_)_______

Farvel Kwijibo4686 the Valkyrie...

You died in The Gnomish Mines on dungeon level 10 with 10862 points,
and 653 pieces of gold, after 6739 moves.
You were level 8 with a maximum of 60 hit points when you died.

